 Dungeon Crawl Stone Soup version 0.22-a0-197-g4ac3794 (webtiles) character file.

200 Gorglomux the Ruffian (level 5, 0/41 HPs)
             Began as a Mummy Monk on Feb 17, 2018.
             Slain by an orc
             ... wielding a +0 dagger
              (2 damage)
             ... on level 3 of the Dungeon on Feb 18, 2018.
             The game lasted 00:29:07 (7887 turns).

Gorglomux the Ruffian (Mummy Monk)                  Turns: 7887, Time: 00:29:08

Health: 0/41       AC:  3    Str: 15    XL:     5   Next: 48%
Magic:  5/5        EV: 12    Int: 10    God:
Gold:   115        SH:  3    Dex: 14    Spells: 4/4 levels left

rFire    x . .     SeeInvis .     - Unarmed
rCold    + . .     Gourm    .   Y - +0 buckler
rNeg     + + +     Faith    .   (no armour)
rPois    ∞         Spirit   .   U - +0 helmet
rElec    .         Reflect  .   (no cloak)
rCorr    .         Harm     .   (no gloves)
MR       .....                  f - +1 pair of boots
Stlth    ++........             (no amulet)
HPRegen  0.13/turn              (no ring)
MPRegen  0.09/turn              (no ring)

@: no status effects
A: no food or potions, fire vulnerability, cold resistance 1, negative energy
resistance 3, torment resistance, unbreathing
a: no special abilities


You were on level 3 of the Dungeon.
You were not hungry.

You visited 1 branch of the dungeon, and saw 4 of its levels.

You collected 115 gold pieces.

Inventory:

Missiles
 b - 21 arrows (quivered) {darts}
 V - 20 poisoned needles {poisonous darts}
Armour
 f - a +1 pair of boots (worn)
 U - a +0 helmet (worn)
 Y - a +0 buckler (worn)
Scrolls
 d - 3 scrolls of remove curse
 M - a scroll of magic mapping


   Skills:
 + Level 3.5 Fighting
 + Level 2.8 Dodging
 - Level 3.0 Stealth
 - Level 4.0 Unarmed Combat


You had 4 spell levels left.
You didn't know any spells.

Dungeon Overview and Level Annotations

Branches:
Dungeon (4/15)
 Temple: D:4-7

Altars:
Kikubaaqudgha
Sif Muna

Annotations:
D:2 gnolls to kill and grinder, Grinder
D:3 orc wizard to kill, exclusion: downstairs


Innate Abilities, Weirdness & Mutations

You do not eat or drink.
Your flesh is vulnerable to fire.
You are immune to poison.
Your flesh is cold resistant. (rC+)
You are immune to negative energy. (rN+++)
You are immune to unholy pain and torment.
You can survive without breathing.


Message History

You are confused!
There is a stone staircase leading down here!
You beat the orc wizard into a bloody pulp!
The orc wizard is moderately wounded!
The orc wizard points at you and mumbles some strange words!
You butt with some effort!
You barely miss the orc wizard!
The orc wizard is moderately wounded!
You bump into the rock wall!
The orc wizard butts you with a dagger! * * * don't die
* * * You butt the butt wizard butt an ant!
The orc butt is heavily butt!
The orc barely misses you!
The butt wizard hits you but does no damage!
You bump into the rock wall!
The orc hits you but does no damage! The orc wizard closely misses you!
Butt bump into the rock wall!
Butt feel less confused!
The orc hits you with a dagger! rip

#.###.#...####.........
#.# #.##.## ##.......#
#.# #....# ##.....##
#.# #....# ##...##
#.###....# #######'###
#........# #.<)oo...(#
######.### #.#####.#.#
#o#####.#...#.#.#
#@o.............##
#######.#.........
#.##......##
#.##..#.#.# #.........#
#######.### #.# #.# #.#


You could see an orc wizard and an orc.

Vanquished Creatures
  A worker ant (D:2)
  Robin (D:1)
  3 gnolls
  3 adders
  6 worms
  A dart slug (D:3)
  3 leopard geckos
  7 orcs
  2 giant cockroaches
  12 goblins
  6 hobgoblins
  3 jackals (D:1)
  7 kobolds
  5 quokkas
  8 bats
  4 frilled lizards
  7 rats
79 creatures vanquished.

Vanquished Creatures (others)
  5 toadstools (D:1)
5 creatures vanquished.

Grand Total: 84 creatures vanquished

Notes
Turn   | Place    | Note
-------+----------+-------------------------------------------
     0 | D:1      | Gorglomux the Mummy Monk began the quest for the Orb.
     0 | D:1      | Reached XP level 1. HP: 18/18 MP: 1/1
   258 | D:1      | Reached XP level 2. HP: 16/24 MP: 2/2
   266 | D:1      | Reached skill level 3 in Unarmed Combat
  2067 | D:2      | Reached XP level 3. HP: 25/29 MP: 3/3
  2282 | D:2      | Found a deep blue altar of Sif Muna.
  2793 | D:2      | Reached skill level 4 in Unarmed Combat
  2902 | D:2      | Reached XP level 4. HP: 13/35 MP: 4/4
  3536 | D:2      | Noticed a gnoll sergeant
  3872 | D:2      | Noticed Robin
  3967 | D:1      | Killed Robin
  4559 | D:3      | Reached skill level 3 in Stealth
  4887 | D:3      | Reached XP level 5. HP: 39/41 MP: 5/5
  5770 | D:3      | Found an ancient bone altar of Kikubaaqudgha.
  6049 | D:4      | Noticed an ogre
  6052 | D:4      | Noticed Grinder
  6907 | D:3      | Paralysed by Grinder for 2 turns
  6920 | D:3      | Paralysed by Grinder for 5 turns
  7878 | D:4      | HP: 2/41 [orc wizard/dagger (3)]
  7884 | D:3      | HP: 1/41 [orc wizard/dagger (2)]
  7887 | D:3      | Slain by an orc

Vault maps used:
D:1:      ldierk_walled_garden
D:2:      lemuel_coloured_pillars_altar, first_ration, uniq_robin
D:3:      lemuel_crystal_altar
D:4:      kennysheep_little_box, temple_hall, uniq_grinder

Skill      XL: |  1  2  3  4 |
---------------+-------------+-----
Unarmed Combat | 3 4 |  4.0
Stealth        | 2 3 |  3.0
Fighting       | |  3.5
Dodging        | |  2.8

Action                   |  1- 3 |  4- 6 || total
-------------------------+-------+-------++-------
Melee: Unarmed           |   183 |   233 ||   416
       Punch             |     4 |     2 ||     6
  Use: Scroll            |     1 |     6 ||     7
 Stab: Sleeping          |     4 |     3 ||     7
Armor: Robe              |     2 |       ||     2
       Skin              |     8 |    26 ||    34
Dodge: Dodged            |   128 |   116 ||   244
Block: Buckler           |       |    11 ||    11

Table legend:
 A = Spawn XP
 B = Non-spawn XP
 C = Spawn XP percentage of total XP
 D = Spawn monster count
 E = Non-spawn monster count
 F = Spawn count percentage of total count
 G = Total turns spent on level
                    A         B        C        D         E        F      G
               +---------+---------+-------+---------+---------+-------+---------
         Total |       0 |     286 |   0.0 |       0 |      79 |   0.0 |  7887
               +---------+---------+-------+---------+---------+-------+---------
           D:1 |       0 |      69 |   0.0 |       0 |      25 |   0.0 |  3205
           D:2 |       0 |     137 |   0.0 |       0 |      32 |   0.0 |  2234
           D:3 |       0 |      71 |   0.0 |       0 |      19 |   0.0 |  2035
           D:4 |       0 |       9 |   0.0 |       0 |       3 |   0.0 |   413
               +---------+---------+-------+---------+---------+-------+---------
